 Dungeon Crawl Stone Soup version 0.23.2-1-ga50397a (webtiles) character file.

Game seed: 8027045512486480810

5523 goulibeur the Fighter (level 10, -1/90 HPs)
             Began as a Black Draconian Berserker on May 20, 2019.
             Was a Priest of Trog.
             Slain by a necrophage (6 damage)
             ... on level 10 of the Dungeon.
             The game lasted 00:58:35 (10250 turns).

goulibeur the Fighter (Black Draconian Berserker)  Turns: 10250, Time: 00:58:36

Health: -1/90      AC:  7    Str: 19    XL:     10   Next: 43%
Magic:  10/10      EV: 10    Int:  7    God:    Trog [***...]
Gold:   365        SH:  3    Dex: 15    Spells: 9/9 levels left

rFire    . . .     SeeInvis .   B - +0 flail (crush)
rCold    . . .     Gourm    .   u - +0 buckler
rNeg     . . .     Faith    .   (armour unavailable)
rPois    .         Spirit   .   E - +0 hat
rElec    +         Reflect  .   (no cloak)
rCorr    +         Harm     .   (no gloves)
MR       .....                  (no boots)
Stlth    +.........             (no amulet)
HPRegen  0.25/turn              J - ring of resist corrosion
MPRegen  0.12/turn              (no ring)

@: berserk cooldown, slowed, extremely drained, very slow
A: breathe lightning, unfitting armour, electricity resistance, cold-blooded, AC
+7
a: Breathe Lightning, Berserk, Trog's Hand, Renounce Religion


You were on level 10 of the Dungeon.
You worshipped Trog.
Trog was most pleased with you.
You were hungry.

You visited 1 branch of the dungeon, and saw 10 of its levels.

You collected 365 gold pieces.

Inventory:

Hand Weapons
 a - a +0 mace
 p - a +0 flail
 B - a +0 flail of crushing (weapon)
Missiles
 c - 4 javelins (quivered)
 F - 2 poisoned javelins
 H - 7 steel tomahawks
Armour
 u - a +0 buckler (worn)
 E - a +0 hat (worn)
Magical Staves
 q - an uncursed staff of summoning {unknown}
 w - an uncursed staff of fire {unknown}
Jewellery
 I - an uncursed ring of flight
 J - a ring of resist corrosion (left hand)
Wands
 n - a wand of paralysis (3)
 G - a wand of flame (8)
Scrolls
 e - 2 scrolls of immolation {unknown}
 g - 3 scrolls of remove curse {unknown}
 k - 5 scrolls of magic mapping {unknown}
 o - a scroll of fear {unknown}
 r - 2 scrolls of enchant weapon {unknown}
 s - 3 scrolls of teleportation {unknown}
 x - a scroll of noise {unknown}
 y - a scroll of blinking {unknown}
Potions
 d - 7 potions of flight
 f - 2 potions of haste
 h - 3 potions of berserk rage
 i - 2 potions of might
 l - 4 potions of mutation
 m - 2 potions of curing
 t - 3 potions of lignification
 v - a potion of brilliance
 A - 3 potions of invisibility
 C - a potion of degeneration
 D - a potion of agility {unknown}
Comestibles
 b - 9 rations
 j - a chunk of flesh


   Skills:
 + Level 8.5(0.0) Fighting
 + Level 7.7(0.0) Maces & Flails
 + Level 6.3(0.0) Throwing
 + Level 7.1(0.0) Dodging
 + Level 6.3(0.0) Shields


You had 9 spell levels left.
You didn't know any spells.
Your spell library was empty.

Dungeon Overview and Level Annotations

Branches:
Dungeon (10/15)            Temple (0/1) D:6
   Lair: D:8-11         Orc: D:9-12

Altars:
Elyvilon
Fedhas
Gozag
Makhleb
Nemelex Xobeh
Sif Muna
Trog
Wu Jian
Xom
Zin

Shops:
D:8 }

Annotations:
D:3 2 transporters
D:4 Pikel
D:8 exclusion: ice statue
D:10 Sonja


Innate Abilities, Weirdness & Mutations

You can breathe wild blasts of lightning.
Your glossy black scales are hard. (AC +7)
You cannot fit into any form of body armour.
You are resistant to electric shocks. (rElec)
You are cold-blooded and may be slowed by cold attacks.


Message History

You completely miss Sonja.
Your tail-slap misses Sonja.
Sonja closely misses you. Sonja hits you but does no damage.
You feel drained. Sonja hits you but does no damage.
You feel drained.
You barely miss Sonja.
You block Sonja's attack. x2; Sonja closely misses you.
You completely miss Sonja.
Sonja casts a spell.
Sonja blinks!
You sock the orc!
You kill the orc!
Trog accepts your kill.
You hit the orc. You tail-slap the orc.
You kill the orc!
Trog accepts your kill.
Sonja casts a spell.
Sonja blinks!
You closely miss the necrophage.
You are no longer berserk.
You are exhausted.
You feel yourself slow down. The necrophage hits you.
You die...

.# #.# #.# #.#
##.##
###.#####...###
.......@no....##
###.#####..>...## #
##......)...###.#
.....).............
...#.####.ยง<...###
.. #. ##.(.#.# #
##(## # #(# #.#


You could see a necrophage and an orc.

Vanquished Creatures
  A deep elf mage (D:8)
  An ugly thing (D:9)
  A hippogriff (D:7)
  A slime creature (D:8)
  A steam dragon (D:9)
  Menkaure (D:6)
  A water moccasin (D:7)
  2 eyes of draining
  A slave (D:4)
  3 orc warriors
  3 ice beasts
  4 ogres
  3 wolves
  A phantom (D:5)
  A black bear (D:9)
  A necrophage (D:9)
  2 centaurs
  A big kobold (D:7)
  3 bullfrogs
  4 scorpions
  2 killer bees (D:10)
  5 wights (D:9)
  4 howler monkeys (D:7)
  2 bullfrog zombies (D:9)
  3 crimson imps
  A quasit (D:9)
  3 orc priests
  7 hounds
  3 bullfrog skeletons
  3 orc wizards
  3 iguanas
  Terence (D:3)
  Ijyb (D:3)
  5 worker ants
  A worker ant zombie (D:7)
  3 adders
  A shadow imp (D:9)
  An adder skeleton (D:8)
  3 worms
  3 dart slugs
  5 leopard geckos
  27 orcs
  8 bats
  5 giant cockroaches
  A goblin (D:2)
  9 hobgoblins
  4 jackals
  10 kobolds
  3 quokkas
  4 ball pythons
  6 frilled lizards
  4 rats
177 creatures vanquished.

Vanquished Creatures (collateral kills)
  Psyche (D:9)
  A troll (D:9)
  A killer bee (D:9)
  A hound (D:9)
4 creatures vanquished.

Vanquished Creatures (others)
  An orc (D:9)
1 creature vanquished.

Grand Total: 182 creatures vanquished

Notes
Turn   | Place    | Note
-------+----------+-------------------------------------------
     0 | D:1      | goulibeur the Draconian Berserker began the quest for the
                  | Orb.
     0 | D:1      | Reached XP level 1. HP: 19/19 MP: 1/1
   195 | D:1      | Reached XP level 2. HP: 26/26 MP: 2/2
   898 | D:2      | Found a blossoming altar of Fedhas.
   898 | D:2      | Found a deep blue altar of Sif Muna.
   973 | D:2      | Reached skill level 1 in Throwing
  1026 | D:2      | Reached XP level 3. HP: 32/33 MP: 3/3
  1330 | D:2      | Reached ** piety under Trog
  1711 | D:3      | Noticed Ijyb
  1721 | D:3      | Paralysed by Ijyb for 4 turns
  1725 | D:3      | Killed Ijyb
  1725 | D:3      | Reached skill level 4 in Fighting
  1725 | D:3      | Reached XP level 4. HP: 37/40 MP: 4/4
  1748 | D:3      | Found a transporter.
  1761 | D:3      | Noticed an orc warrior
  1807 | D:3      | Killed an orc warrior
  1807 | D:3      | Reached XP level 5. HP: 47/47 MP: 5/5
  2116 | D:3      | Found a transporter.
  2212 | D:3      | Noticed Terence
  2221 | D:3      | Killed Terence
  2256 | D:3      | Found a bloodstained altar of Trog.
  2705 | D:4      | Noticed a slave
  2705 | D:4      | Noticed a slave
  2705 | D:4      | Noticed a slave
  2705 | D:4      | Noticed a slave
  2705 | D:4      | Noticed Pikel
  2804 | D:4      | Reached XP level 6. HP: 39/53 MP: 6/6
  2812 | D:4      | Found a sparkling altar of Nemelex Xobeh.
  3140 | D:4      | Reached skill level 1 in Shields
  3242 | D:4      | Found an opulent altar of Gozag.
  3273 | D:5      | Entered Level 5 of the Dungeon
  3288 | D:5      | Reached skill level 5 in Fighting
  3533 | D:5      | Your scales start taking on a glossy black colour.
  3533 | D:5      | Reached XP level 7. HP: 29/61 MP: 7/7
  3533 | D:5      | Gained mutation: You are resistant to electric shocks.
                  | (rElec) [Black Draconian growth]
  4379 | D:5      | Reached *** piety under Trog
  4724 | D:6      | Reached skill level 5 in Maces & Flails
  4853 | D:6      | Noticed an angel
  4854 | D:6      | Found a glowing silver altar of Zin.
  4856 | D:6      | Found a shimmering altar of Xom.
  4991 | D:6      | Noticed Menkaure
  4998 | D:6      | Killed Menkaure
  4998 | D:6      | Reached XP level 8. HP: 70/70 MP: 8/8
  5145 | D:6      | Found a staircase to the Ecumenical Temple.
  5304 | D:7      | Noticed a hippogriff
  5317 | D:7      | Killed a hippogriff
  5317 | D:7      | Reached skill level 6 in Fighting
  5317 | D:7      | Reached skill level 5 in Dodging
  6039 | D:7      | Received a gift from Trog
  6393 | D:7      | Reached XP level 9. HP: 77/78 MP: 9/9
  6612 | D:8      | Found Wimidgh's Gadget Boutique.
  6612 | D:8      | Found a white marble altar of Elyvilon.
  6632 | D:8      | Reached skill level 7 in Fighting
  6661 | D:8      | Reached skill level 5 in Throwing
  7125 | D:8      | Found a bloodstained altar of Trog.
  7125 | D:8      | Noticed a deep elf mage
  7138 | D:8      | Killed a deep elf mage
  7138 | D:8      | Reached skill level 5 in Shields
  7277 | D:8      | Reached **** piety under Trog
  7299 | D:8      | Noticed an ice statue
  7741 | D:9      | Noticed a green ugly thing
  7757 | D:9      | Killed a green ugly thing
  7757 | D:9      | Reached skill level 8 in Fighting
  7757 | D:9      | Reached XP level 10. HP: 88/88 MP: 10/10
  8708 | D:9      | Found a burning altar of Makhleb.
  8778 | D:9      | Noticed a two-headed ogre
  9681 | D:9      | Found an ornate altar of the Wu Jian Council.
  9949 | D:9      | Identified the cursed +0 leather armour "Botytur" {rF+ rC+}
  9949 | D:9      | Noticed Psyche
  9981 | D:9      | Killed Psyche
 10169 | D:9      | Noticed a two-headed ogre
 10182 | D:10     | Entered Level 10 of the Dungeon
 10182 | D:10     | Noticed Sonja
 10244 | D:10     | HP: 6/135 [Sonja/+2 short sword of draining (1)]
 10250 | D:10     | Slain by a necrophage

Skill      XL: |  1  2  3  4  5  6  7  8  9 10 |
---------------+-------------------------------+-----
Throwing       | 1 2 3 4 5 6 |  6.3
Dodging        | 3 4 5 6 7 |  7.1
Fighting       | 4 5 6 8 |  8.5
Maces & Flails | 4 5 6 7 |  7.7
Shields        | 1 3 4 5 6 |  6.3

Action                   |  1- 3 |  4- 6 |  7- 9 | 10-12 || total
-------------------------+-------+-------+-------+-------++-------
Melee: Mace              |    99 |    20 |       |       ||   119
       Tailslap          |    11 |    19 |    56 |    25 ||   111
       Flail             |       |   108 |   333 |   164 ||   605
Throw: Javelin           |     7 |    13 |    13 |       ||    33
Invok: Berserk           |       |     2 |    12 |     5 ||    19
       Brothers in Arms  |       |       |       |     2 ||     2
       Trog's Hand       |       |       |       |     1 ||     1
 Abil: Breathe Lightning |       |       |       |     1 ||     1
  Use: Scroll            |       |     4 |     7 |     1 ||    12
       Potion            |       |       |       |     5 ||     5
 Stab: Sleeping          |       |     1 |       |       ||     1
  Eat: Chunk             |     3 |     7 |    17 |     8 ||    35
       Ration            |       |       |     2 |     2 ||     4
Armor: Skin              |    41 |    22 |    55 |    66 ||   184
Dodge: Dodged            |    72 |    78 |   174 |   200 ||   524
Block: Buckler           |       |     6 |    61 |    84 ||   151
